 Dungeon Crawl Stone Soup version 0.24-a0-520-g8fd06ad0bc (webtiles) character file.

Game seed: 10467926581138592639

46177 Azzok the Arsonist (level 14, 27/93 HPs)
             Began as a Hill Orc Fire Elementalist on July 24, 2019.
             Was a High Priest of Vehumet.
             Starved to death
             ... on level 11 of the Dungeon.
             The game lasted 00:54:36 (27275 turns).

Azzok the Arsonist (Hill Orc Fire Elementalist)    Turns: 27275, Time: 00:54:37

Health: 27/93      AC: 15    Str: 12    XL:     14   Next: 36%
Magic:  28/28      EV: 11    Int: 19    God:    Vehumet [*****.]
Gold:   1029       SH:  4    Dex: 14    Spells: 15/33 levels left

rFire    + . .     SeeInvis .   E - +1 whip (elec)
rCold    + . .     Gourm    .   (no shield)
rNeg     . . .     Faith    .   b - +0 troll leather armour
rPois    .         Spirit   .   B - +2 helmet
rElec    .         Reflect  +   v - +1 cloak
rCorr    .         Harm     .   f - +2 pair of gloves {Dex+3}
MR       +....                  y - +2 pair of boots
Stlth    ++........             g - +4 amulet of reflection
HPRegen  0.65/turn              A - ring of protection from fire
MPRegen  0.21/turn              Q - ring of protection from cold

@: mildly poisoned (27 -> 22), fainting
A: no striking features
a: Renounce Religion


You were on level 11 of the Dungeon.
You worshipped Vehumet.
Vehumet was extremely pleased with you.
You were fainting.

You visited 3 branches of the dungeon, and saw 18 of its levels.
You also visited: Bailey.

You collected 1029 gold pieces.

Inventory:

Hand Weapons
 E - a +1 whip of electrocution (weapon)
Armour
 b - a +0 troll leather armour (worn)
 f - a +2 pair of gloves of dexterity (worn)
 j - a +1 robe of cold resistance
 k - a +0 hat of magic resistance
 v - a +1 cloak (worn)
 y - a +2 pair of boots (worn)
 B - a +2 helmet (worn)
 T - a scarf of cloud immunity
Jewellery
 g - a +4 amulet of reflection (around neck)
 o - a +3 ring of dexterity
 A - a ring of protection from fire (left hand)
 K - a +5 ring of dexterity
 Q - a ring of protection from cold (right hand)
 R - an uncursed ring of protection from fire
 S - an uncursed ring of protection from magic
Wands
 D - a wand of paralysis (8)
 O - a wand of acid (18)
 P - a wand of scattershot (1)
 V - a wand of polymorph (8)
 W - a wand of flame (12)
Scrolls
 c - a scroll of identify
 d - a scroll of acquirement {unknown}
 e - 11 scrolls of remove curse {unknown}
 h - a scroll of summoning {unknown}
 l - 3 scrolls of teleportation
 s - 2 scrolls of amnesia
 w - a scroll of enchant armour
 G - a scroll of brand weapon {unknown}
 I - 3 scrolls of fog {unknown}
 L - a scroll of torment {unknown}
 N - a scroll of fear
Potions
 i - 4 potions of haste
 m - 3 potions of heal wounds
 n - 4 potions of lignification
 p - a potion of experience {unknown}
 q - 5 potions of might
 r - 3 potions of flight
 t - 2 potions of ambrosia
 u - a potion of cancellation {unknown}
 x - a potion of resistance
 z - 4 potions of brilliance
 C - 2 potions of curing
 F - 2 potions of magic
 H - 3 potions of agility
 J - a potion of invisibility
 M - a potion of mutation {!q}
Miscellaneous
 a - a lamp of fire (inert)


   Skills:
 - Level 1.5 Dodging
 - Level 1.5 Stealth
 + Level 10.4 Spellcasting
 + Level 13.0 Conjurations
 + Level 14.3 Fire Magic
 + Level 2.2 Earth Magic
 - Level 9.0 Evocations


You had 15 spell levels left.
You knew the following spells:

 Your Spells              Type           Power        Failure   Level  Hunger
a - Flame Tongue          Conj/Fire      #####        1%          1    None
b - Conjure Flame         Conj/Fire      ######..     1%          3    None
c - Sticky Flame          Conj/Fire      ######..     1%          4    ##.....
d - Fireball              Conj/Fire      ######....   1%          5    #####..
e - Bolt of Magma         Conj/Fire/Erth #####.....   1%          5    #####..

Your spell library contained the following spells:

 Spells                   Type           Power        Failure   Level  Hunger
 Sandblast                Erth           ###...       1%          1    None
 Shock                    Conj/Air       ####         1%          1    None
 Throw Flame              Conj/Fire      ######       1%          2    None
 Inner Flame              Hex/Fire       #####...     1%          3    None
 Static Discharge         Conj/Air       ####....     1%          3    None
 Stone Arrow              Conj/Erth      #####.       1%          3    None
 Lightning Bolt           Conj/Air       ####......   4%          5    #####..
 Animate Skeleton         Necr           N/A          9%          1    None
 Apportation              Tloc           #.....       9%          1    None
 Confusing Touch          Hex            #.....       9%          1    None
 Summon Small Mammal      Summ           #...         9%          1    None
 Passwall                 Tmut/Erth      ##......     9%          2    None
 Swiftness                Chrm/Air       #.......     14%         2    None
 Airstrike                Air            #.........   22%         4    ##.....
 Lee's Rapid Deconstruct  Erth           ###.......   26%         5    #####..
 Petrify                  Tmut/Erth      ##......     50%         4    ##.....


Dungeon Overview and Level Annotations

Branches:
Dungeon (11/15)            Temple (1/1) D:4            Lair (6/6) D:9
 Shoals (0/4) Lair:3        Snake (0/4) Lair:4        Slime (0/5) Lair:5
    Orc: D:9-12

Altars:
Dithmenos
Elyvilon
Fedhas
Gozag
Kikubaaqudgha
Nemelex Xobeh
Okawaru
Qazlal
Ru
Trog
Uskayaw
Vehumet
Wu Jian
Xom
Zin
The Shining One

Shops:
D:11 :

Annotations:
D:10 1 exclusion
Lair:2 1 exclusion
Lair:4 1 runed translucent door, exclusion: oklob plant, asdu's ghost, journeyman OpCj


Message History

The killer bee is lightly wounded.
You feel sick. The killer bee barely misses you.
The killer bee stings you but does no damage.
You hit the killer bee but do no damage.
The killer bee is lightly wounded.
You feel sick.
The killer bee stings you but does no damage.
The killer bee closely misses you.
You miss the killer bee.
The killer bee is lightly wounded.
You feel sick. You block the killer bee's attack.
The killer bee stings you but does no damage.
You hit the killer bee but do no damage.
Lightning courses through the killer bee!
The killer bee is severely wounded.
You feel sick. The killer bee closely misses you. x2
You barely miss the killer bee.
The killer bee is severely wounded.
You have starved to death.
You die...

▒·········▒ ▒·········▒
▒ ▒·········▒ ·▒▒ ·
▒·········▒▒··· ··
▒············· <···
▒▒▒············ ·····
▒·?·········▒▒▒▒·······
······y@···▒··········
▒▒▒▒▒▒▒▒······▒▒···$··
▒···▒▒··▒····▒▒
··········▒▒·········
·▒·▒▒▒▒·▒·····▒▒▒·▒▒▒▒▒
▒·▒▒·············
···········[·····
···>···▒▒·········
···················


You could see a killer bee.

Vanquished Creatures
  Gastronok (D:9)
  An orc warlord (Bailey)
  5 hydras
  An ogre mage (D:10)
  A two-headed ogre (D:8)
  3 death yaks
  Sonja (Lair:4)
  A sea snake (Lair:6)
  Pikel (D:6)
  A harpy (Lair:6)
  2 orc knights (Bailey)
  2 ugly things
  A deep elf mage (D:11)
  A cyclops (D:11)
  5 elephants (Lair:6)
  7 black mambas
  Psyche (D:8)
  Joseph (D:7)
  9 spiny frogs
  7 rime drakes
  12 komodo dragons
  5 trolls
  3 hornets (Lair:6)
  3 polar bears (Lair:6)
  Grinder (D:3)
  A wind drake (Lair:6)
  7 blink frogs
  9 hippogriffs
  Sigmund (D:2)
  A shadow (D:11)
  14 yaks
  A wraith (D:9)
  4 fire bats (Lair:5)
  3 fire elementals
  2 wyverns (Lair:6)
  2 hungry ghosts (D:10)
  A steam dragon (D:11)
  3 nagas (Lair:4)
  Duvessa (D:7)
  10 water moccasins
  9 porcupines
  3 slaves (D:6)
  A sky beast (D:5)
  2 ice beasts
  A black bear (D:11)
  A necrophage (D:8)
  8 orc warriors
  3 phantoms
  8 ogres
  11 centaurs
  8 crocodiles
  5 big kobolds
  14 bullfrogs
  4 gnoll sergeants (D:11)
  Dowan (D:7)
  A wyvern skeleton (D:6)
  A scorpion (D:5)
  10 killer bees
  5 wights
  8 howler monkeys
  5 electric eels
  2 centaur zombies
  A crimson imp (D:9)
  7 lava snakes
  A quasit (D:10)
  7 orc priests
  6 hounds
  5 jellies
  A centaur skeleton (D:10)
  12 orc wizards
  A bullfrog skeleton (D:11)
  An iguana (D:10)
  Natasha (D:2)
  A hell rat (D:8)
  6 worker ants
  4 hound skeletons
  A howler monkey zombie (D:5)
  15 gnolls
  7 adders
  2 river rats (D:8)
  2 shadow imps
  7 oozes
  2 adder skeletons
  2 worms (D:2)
  A dart slug (D:1)
  5 leopard geckos
  40 orcs
  4 bats
  5 giant cockroaches
  19 goblins
  10 hobgoblins
  7 jackals
  3 quokkas
  5 frilled lizards
  A jackal skeleton (D:4)
  34 kobolds
  A quokka zombie (D:8)
  8 rats
  3 fungi
485 creatures vanquished.

Vanquished Creatures (others)
  A centaur (D:11)
  4 fungi
  17 plants
22 creatures vanquished.

Grand Total: 507 creatures vanquished

Notes
Turn   | Place    | Note
-------+----------+-------------------------------------------
     0 | D:1      | Azzok the Hill Orc Fire Elementalist began the quest for
                  | the Orb.
     0 | D:1      | Reached XP level 1. HP: 14/14 MP: 3/3
   313 | D:1      | Reached XP level 2. HP: 20/20 MP: 2/4
   995 | D:1      | Reached XP level 3. HP: 25/26 MP: 2/6
  1867 | D:2      | Learned a level 3 spell: Conjure Flame
  2193 | D:2      | Found a glowing golden altar of the Shining One.
  2684 | D:2      | Noticed Sigmund
  2693 | D:2      | Reached skill level 4 in Fire Magic
  2693 | D:2      | Reached XP level 4. HP: 33/33 MP: 7/7
  2756 | D:2      | Noticed Natasha
  2764 | D:2      | Killed Natasha
  3428 | D:3      | Reached XP level 5. HP: 38/38 MP: 5/8
  3775 | D:3      | Learned a level 4 spell: Sticky Flame
  4113 | D:3      | Noticed Grinder
  4113 | D:3      | Paralysed by Grinder for 4 turns
  4122 | D:3      | Killed Grinder
  4122 | D:3      | Reached skill level 5 in Fire Magic
  4122 | D:3      | Reached XP level 6. HP: 41/45 MP: 3/10
  4485 | D:2      | Killed Sigmund
  4485 | D:2      | Reached XP level 7. HP: 48/50 MP: 2/12
  5221 | D:4      | Found a staircase to the Ecumenical Temple.
  5230 | Temple   | Entered the Ecumenical Temple
  5287 | Temple   | Became a worshipper of Vehumet
  5321 | D:4      | Reached skill level 6 in Fire Magic
  5614 | D:5      | Entered Level 5 of the Dungeon
  5615 | D:5      | Found a stormy altar of Qazlal.
  5616 | D:5      | Found an ancient bone altar of Kikubaaqudgha.
  5616 | D:5      | Found a glowing silver altar of Zin.
  5616 | D:5      | Found a blossoming altar of Fedhas.
  5618 | D:5      | Found an opulent altar of Gozag.
  5618 | D:5      | Found an ornate altar of the Wu Jian Council.
  5625 | D:5      | Found a sparkling altar of Nemelex Xobeh.
  5680 | D:5      | Reached skill level 5 in Conjurations
  5721 | D:5      | Reached XP level 8. HP: 39/57 MP: 0/14
  6537 | D:5      | Reached skill level 7 in Fire Magic
  6795 | D:5      | Found a white marble altar of Elyvilon.
  7364 | D:6      | Found an iron altar of Okawaru.
  7633 | D:6      | Reached skill level 5 in Spellcasting
  7706 | D:6      | Found a shadowy altar of Dithmenos.
  7713 | D:6      | Noticed Pikel
  7888 | D:6      | Reached XP level 9. HP: 62/62 MP: 11/16
  8153 | D:6      | Reached skill level 8 in Fire Magic
  8386 | D:6      | Killed Pikel
  8626 | D:7      | Noticed Joseph
  8638 | D:7      | Killed Joseph
  8829 | D:7      | Learned a level 5 spell: Fireball
  8911 | D:7      | Reached skill level 9 in Fire Magic
  9001 | D:7      | Noticed Dowan
  9025 | D:7      | Noticed Duvessa
  9030 | D:7      | Killed Duvessa
  9035 | D:7      | Killed Dowan
  9336 | D:7      | Reached XP level 10. HP: 69/69 MP: 12/19
  9588 | D:7      | Found a sacrificial altar of Ru.
  9829 | D:8      | Noticed Psyche
  9837 | D:8      | Killed Psyche
  9935 | D:8      | Reached * piety under Vehumet
  9935 | D:8      | Offered knowledge of Sting by Vehumet.
 10120 | D:8      | Noticed a two-headed ogre
 10128 | D:8      | Killed a two-headed ogre
 10128 | D:8      | Reached skill level 10 in Fire Magic
 11345 | D:8      | Reached skill level 1 in Evocations
 11687 | D:8      | Found a hide-covered altar of Uskayaw.
 11990 | D:8      | Reached XP level 11. HP: 62/74 MP: 0/21
 12311 | D:9      | Noticed a death yak
 12342 | D:9      | Noticed a death yak
 12347 | D:8      | Reached ** piety under Vehumet
 12381 | D:9      | Noticed a death yak
 12803 | D:9      | Offered knowledge of Throw Frost by Vehumet.
 13052 | D:8      | Killed a death yak
 13389 | D:9      | Found a staircase to the Lair.
 13634 | D:9      | Found a blossoming altar of Fedhas.
 13682 | D:9      | Killed a death yak
 13682 | D:9      | Reached skill level 11 in Fire Magic
 13687 | D:9      | Killed a death yak
 14179 | D:10     | Entered Level 10 of the Dungeon
 14412 | D:10     | Reached skill level 10 in Conjurations
 14717 | D:10     | Offered knowledge of Searing Ray by Vehumet.
 14777 | D:10     | Found a flagged portal.
 14831 | Bailey   | Entered a bailey
 14872 | Bailey   | Reached *** piety under Vehumet
 14891 | Bailey   | Noticed an orc warlord
 14946 | Bailey   | Noticed an orc knight
 14978 | Bailey   | Killed an orc knight
 15055 | Bailey   | Found a runed translucent gate.
 15056 | Bailey   | Found a runed translucent gate.
 15057 | Bailey   | Found a runed translucent gate.
 15058 | Bailey   | Noticed an orc knight
 15073 | Bailey   | Reached skill level 5 in Evocations
 15089 | Bailey   | Killed an orc knight
 15089 | Bailey   | Offered knowledge of Mephitic Cloud by Vehumet.
 15292 | Bailey   | Killed an orc warlord
 15292 | Bailey   | Reached XP level 12. HP: 31/81 MP: 2/24
 15435 | D:10     | Noticed an ogre mage
 15442 | D:10     | Killed an ogre mage
 16411 | D:11     | Reached **** piety under Vehumet
 16411 | D:11     | Reached skill level 12 in Fire Magic
 16587 | Lair:1   | Entered Level 1 of the Lair of Beasts
 16587 | Lair:1   | Noticed Gastronok
 16840 | D:9      | Killed Gastronok
 16840 | D:9      | Offered knowledge of Bolt of Draining by Vehumet.
 19595 | Lair:3   | Noticed a six-headed hydra
 19600 | Lair:3   | Killed a six-headed hydra
 20087 | Lair:3   | Reached XP level 13. HP: 86/86 MP: 12/26
 20331 | Lair:3   | Found a staircase to the Shoals.
 20601 | Lair:4   | Noticed Sonja
 20727 | Lair:4   | Killed Sonja
 20962 | Lair:4   | Reached skill level 13 in Fire Magic
 21445 | Lair:4   | Found a runed translucent door.
 21445 | Lair:4   | Noticed asdu's ghost (journeyman OpCj)
 22175 | Lair:4   | Found a blossoming altar of Fedhas.
 22489 | Lair:4   | Found a staircase to the Snake Pit.
 22853 | Lair:5   | Reached ***** piety under Vehumet
 22853 | Lair:5   | Offered knowledge of Bolt of Magma by Vehumet.
 22860 | Lair:5   | Learned a level 5 spell: Bolt of Magma
 23486 | Lair:5   | Found a staircase to the Slime Pits.
 24176 | Lair:6   | Entered Level 6 of the Lair of Beasts
 24613 | Lair:6   | Paralysed by a hornet for 2 turns
 24747 | Lair:6   | Reached skill level 10 in Spellcasting
 25079 | Lair:6   | Reached XP level 14. HP: 78/93 MP: 19/28
 25179 | Lair:6   | Reached skill level 14 in Fire Magic
 25871 | Lair:6   | Noticed a dire elephant
 25995 | Lair:6   | Reached skill level 1 in Earth Magic
 26657 | D:11     | Found Riarott's Book Shoppe.
 27275 | D:11     | Starved to death

Levels and vault maps discovered:
D:1:      sevenhm_arrival_forest_fort_small_3, layout_basic
D:2:      layout_loops_corners, nicolae_overflow_hidden_temple, first_ration,
          uniq_natasha, uniq_sigmund
D:3:      layout_basic, chequers_big_river, uniq_grinder
D:4:      layout_cave_pools, minmay_temple_entry_gardened_gates
D:5:      layout_cave_pools, grunt_temple_overflow_open, elyvilon_altar_1
D:6:      layout_basic, lemuel_crystal_altar, lemuel_doored_altar, uniq_pikel
D:7:      layout_basic, nicolae_overflow_crystal_walls, grunt_ogre_cave,
          st_stairs_10, uniq_joseph, uniq_duvessa
D:8:      layout_basic, kennysheep_mini, uniq_psyche
D:9:      layout_long_grid, dpeg_lair_monsters, basic_altar, minmay_between
D:10:     wad_cavern_with_rooms, layout_long_grid,
          lightli_bailey_entry_fortress, minmay_misc_feat_enclosed
D:11:     regret_index_wax_grids, layout_rooms,
          kennysheep_orc_monster_closet_entryway, serial_shops, shop
Temple:   dpeg_chambers_temple
Lair:1:   layout_small_grid, grunt_forest_stairs_basic, uniq_gastronok
Lair:2:   layout_gridlike, nicolae_quartered_pool_medium, serial_bayou_shore_a
Lair:3:   layout_long_grid, shoals_dummy_entry, serial_bayou_lagoon_a
Lair:4:   layout_regular_city, minmay_snake_entry_guardpost_small,
          ebering_ghost_inner_flame, tgw_fedhas, uniq_sonja
Lair:5:   layout_gridlike, nicolae_slime_entry_slimehenge
Lair:6:   gammafunk_lair_ancient_temple, layout_long_grid, basic_altar

Skill      XL: |  1  2  3  4  5  6  7  8  9 10 11 12 13 14 |
---------------+-------------------------------------------+-----
Spellcasting   | 2 3 4 5 6 7 8 9 10 | 10.4
Conjurations   | 2 3 4 5 6 8 9 10 11 12 13 | 13.0
Fire Magic     | 4 5 6 7 9 10 11 12 13 14 | 14.3
Evocations     | 2 5 7 9 |  9.0
Earth Magic    | 2 |  2.2
Dodging        | |  1.5
Stealth        | |  1.5

Action                   |  1- 3 |  4- 6 |  7- 9 | 10-12 | 13-15 || total
-------------------------+-------+-------+-------+-------+-------++-------
Melee: Unarmed           |     5 |       |       |       |       ||     5
       Dagger            |    39 |    70 |    54 |       |       ||   163
       Whip              |       |       |    10 |   157 |   193 ||   360
 Cast: Flame Tongue      |    42 |    18 |   175 |   280 |    93 ||   608
       Sticky Flame      |       |     2 |    27 |    73 |    55 ||   157
       Conjure Flame     |       |       |     2 |     7 |       ||     9
       Fireball          |       |       |       |   101 |   140 ||   241
       Bolt of Magma     |       |       |       |       |    17 ||    17
Evoke: Wand              |       |       |       |     7 |       ||     7
       Lamp of fire      |       |       |       |       |     1 ||     1
  Use: Scroll            |       |       |       |    22 |     4 ||    26
       Potion            |       |       |       |     2 |     1 ||     3
 Stab: Sleeping          |     1 |     1 |       |     1 |       ||     3
  Eat: Chunk             |     6 |     6 |    10 |    35 |    33 ||    90
       Ration            |       |       |     3 |     9 |     7 ||    19
Armor: Robe              |    16 |    19 |    53 |    54 |       ||   142
       Troll leather arm |       |       |       |   100 |   230 ||   330
Dodge: Dodged            |    31 |    60 |    71 |   245 |   239 ||   646
Block: Other             |       |       |       |    18 |    69 ||    87
       Reflection        |       |       |       |     5 |     6 ||    11

Table legend:
 A = Non-vault XP
 B = Vault XP
 C = Vault XP percentage of total XP
 D = Non-vault monster count
 E = Vault monster count
 F = Vault count percentage of total count
                 A         B        C        D         E       F
            +---------+---------+-------+---------+---------+-------
      Total |   41902 |   24066 |  36.5 |     354 |     126 |  26.2
            +---------+---------+-------+---------+---------+-------
        D:1 |      42 |       0 |   0.0 |      24 |       0 |   0.0
        D:2 |      67 |     273 |  80.3 |      20 |       2 |   9.1
        D:3 |     106 |     277 |  72.3 |      18 |       1 |   5.3
        D:4 |     192 |       0 |   0.0 |      18 |       0 |   0.0
        D:5 |     811 |       0 |   0.0 |      17 |       0 |   0.0
        D:6 |    1040 |     685 |  39.7 |      20 |       1 |   4.8
        D:7 |     439 |     932 |  68.0 |      10 |       6 |  37.5
        D:8 |    3293 |    1518 |  31.6 |      41 |       7 |  14.6
        D:9 |    2936 |    4467 |  60.3 |      33 |       7 |  17.5
       D:10 |    3395 |    1362 |  28.6 |      33 |      18 |  35.3
       D:11 |    3559 |    1523 |  30.0 |      23 |      24 |  51.1
     Lair:1 |    2048 |       0 |   0.0 |       7 |       0 |   0.0
     Lair:2 |    1649 |       0 |   0.0 |      12 |       0 |   0.0
     Lair:3 |    4488 |       0 |   0.0 |      17 |       0 |   0.0
     Lair:4 |    6437 |    1294 |  16.7 |      18 |       4 |  18.2
     Lair:5 |    5318 |     842 |  13.7 |      23 |       7 |  23.3
     Lair:6 |    6082 |    7807 |  56.2 |      20 |      22 |  52.4
     Bailey |       0 |    3086 | 100.0 |       0 |      27 | 100.0
            +---------+---------+-------+---------+---------+-------
